 Dungeon Crawl Stone Soup version 0.26.0-10-g1f06aea511 (webtiles) character file.

Game seed: 2781547977517131517

65 Arum the Sneak (level 4, 0/31 HPs)
             Began as an Octopode Brigand on Jan 15, 2021.
             Slain by a worm (11 damage)
             ... on level 2 of the Dungeon.
             The game lasted 00:02:59 (1371 turns).

Arum the Sneak (Octopode Brigand)                   Turns: 1371, Time: 00:02:59

Health: 0/31       AC:  1    Str: 10    XL:     4   Next: 14%
Magic:  13/13      EV: 14    Int: 13    God:
Gold:   101        SH:  0    Dex: 14    Spells: 3/3 levels left

rFire    . . .     SeeInvis .   a - +2 dagger
rCold    . . .     Faith    .   (no shield)
rNeg     . . .     Spirit   .   (helmet restricted)
rPois    .         Reflect  .   (no amulet)
rElec    .         Harm     .   j - ring of magical power
rCorr    .         Rampage  .   (no ring)
Will     .....                  (no ring)
Stlth    +++++.....             (no ring)
HPRegen  0.10/turn              (no ring)
MPRegen  0.13/turn              (no ring)
                                (no ring)
                                (no ring)

@: no status effects
A: almost no armour, stealthy swim, amphibious, 8 rings, constrict 8, camouflage
1, gelatinous body 1
a: no special abilities


You were on level 2 of the Dungeon.
You visited 1 branch of the dungeon, and saw 2 of its levels.

You collected 101 gold pieces.

Inventory:

Hand Weapons
 a - a +2 dagger (weapon)
Missiles
 b - 8 poisoned darts (quivered)
 c - 2 curare-tipped darts
 g - 8 javelins
Armour
 f - a +0 buckler
Jewellery
 j - a ring of magical power (left tentacle)
Scrolls
 d - 4 scrolls of identify {unknown}
 e - 3 scrolls of teleportation {unknown}
 i - 2 scrolls of noise {unknown}
 k - a scroll of amnesia {unknown}
 l - a scroll of remove curse {unknown}
Potions
 h - 2 potions of resistance
 m - a potion of lignification {unknown}
 n - a potion of flight {unknown}
 o - a potion of magic {unknown}


   Skills:
 + Level 3.0 Fighting
 - Level 2.0 Short Blades
 - Level 2.0 Throwing
 + Level 2.3 Dodging
 - Level 5.3 Stealth
 + Level 1.7 Shields


You had 3 spell levels left.
You didn't know any spells.
Your spell library was empty.

Dungeon Overview and Level Annotations

Branches:
Dungeon (2/15)

Altars:


Innate Abilities, Weirdness & Mutations

You cannot wear most types of armour.
You are very stealthy in the water. (Stealth+)
You are amphibious.
You can wear up to eight rings at the same time.
You can use your tentacles to constrict eight enemies at once.
Your skin changes colour to match your surroundings (Stealth+).
Your rubbery body absorbs attacks. (AC +1, EV +1)


Message History

You hit the worm.
The worm is almost dead.
You constrict the worm. The worm closely misses you.
You hit the worm.
You kill the worm!
You hit the worm. Your grab misses the worm.
The worm is moderately wounded.
You hit the worm but do no damage. Your grab misses the worm.
You squeeze the worm.
The worm is heavily wounded.
The worm barely misses you.
You barely miss the worm. Your grab misses the worm. You squeeze the worm.
The worm is heavily wounded.
You hit the worm. You grab the worm.
The worm is severely wounded.
You constrict the worm. The worm barely misses you.
You hit the worm but do no damage.
The worm is severely wounded.
You constrict the worm. The worm bites you!
You die...

#####..............##.. .
#...#..............##..
..#...#.............###..
..............)..........
........>................
....P....................
....≈P.≈.............<...
...P≈≈≈wPPP..............
...≈≈≈≈≈@≈≈..............
...≈≈♣♣♣♣≈P≈.............
...≈ ♣P≈..............
#.P ♣≈≈.............. ..
≈≈≈≈≈#......###### .
≈P≈P..#......# ###
..P≈.≈#......... ...
..PPP+.......... ...
[.... ### ..... ..


You could see a worm.

Vanquished Creatures
  An adder (D:2)
  2 worms (D:2)
  A dart slug (D:1)
  A leopard gecko (D:2)
  4 orcs (D:2)
  6 goblins
  7 hobgoblins
  A jackal (D:2)
  4 kobolds
  A quokka (D:2)
  6 bats
  3 frilled lizards
  5 rats
42 creatures vanquished.

Vanquished Creatures (others)
  6 plants (D:2)
6 creatures vanquished.

Grand Total: 48 creatures vanquished

Notes
Turn   | Place    | Note
-------+----------+-------------------------------------------
     0 | D:1      | Arum the Octopode Brigand began the quest for the Orb.
     0 | D:1      | Reached XP level 1. HP: 14/14 MP: 1/1
   142 | D:1      | Reached XP level 2. HP: 19/19 MP: 2/2
   488 | D:1      | Reached skill level 1 in Shields
   539 | D:1      | Reached XP level 3. HP: 25/25 MP: 3/3
  1227 | D:2      | Reached XP level 4. HP: 21/30 MP: 4/4
  1371 | D:2      | Slain by a worm

Illustrated notes

Levels and vault maps discovered:
D:1:      dpeg_arrival_renting, layout_basic
D:2:      layout_basic, serial_bayou_pond_c, minmay_stone_trees_medium,
          minmay_unequal

Skill      XL: |  1  2  3  4 |
---------------+-------------+-----
Shields        | 1 |  1.7
Dodging        | 2 |  2.3
Fighting       | 3 |  3.0
Short Blades   | |  2.0
Throwing       | |  2.0
Stealth        | |  5.3

Action                   |  1- 3 |  4- 6 || total
-------------------------+-------+-------++-------
Melee: Dagger            |    77 |    19 ||    96
       Constrict         |    16 |     5 ||    21
       Tentacles         |    11 |     4 ||    15
  Use: Potion            |     4 |       ||     4
 Stab: Sleeping          |    11 |       ||    11
       Invisible         |     1 |       ||     1
Armor: Skin              |     5 |     1 ||     6
Dodge: Dodged            |    48 |    13 ||    61
